 Dungeon Crawl Stone Soup version 0.31.0-9-g3a7656b989 (webtiles) character file.

Game seed: 9010879669178203784

125 qw the Skirmisher (level 4, -3/25 HPs)
             Began as a Deep Elf Hunter on Feb 2, 2024.
             Slain by Pikel
             ... wielding a +1 whip of flaming
              (9 damage)
             ... on level 4 of the Dungeon.
             The game lasted 00:00:07 (1574 turns).

qw the Skirmisher (Deep Elf Hunter)                 Turns: 1574, Time: 00:00:07

Health: -3/25      AC:  5    Str: 10    XL:     4   Next: 82%
Magic:  6/6        EV: 11    Int: 14    God:
Gold:   119        SH:  0    Dex: 18    Spells: 3/3 levels left

rFire   . . .        a - +2 shortbow
rCold   . . .        (shield currently unavailable)
rNeg    . . .        f - +0 ring mail
rPois   .            (no helmet)
rElec   .            (no cloak)
rCorr   .            (no gloves)
SInv    .            (no boots)
Will    .....        (no amulet)
Stlth   +            (no ring)
HPRegen 0.24/turn    (no ring)
MPRegen 0.10/turn

%: no passive effects
@: about to teleport
A: no striking features
a: no special abilities


You were on level 4 of the Dungeon.
You visited 1 branch of the dungeon, and saw 4 of its levels.

You collected 119 gold pieces.


   Skills:
 - Level 1.5 Fighting
 + Level 8.2 Ranged Weapons
 - Level 2.4 Dodging
 - Level 1.2 Stealth


You had 3 spell levels left.
You didn't know any spells.
Your spell library was empty.

Inventory:

Hand Weapons
 a - a +2 shortbow (weapon)
Armour
 f - a +0 ring mail (worn)
Wands
 e - a wand of quicksilver (8)
Potions
 b - 4 potions of haste
 h - 3 potions of curing
 i - 2 potions of enlightenment

Dungeon Overview and Level Annotations

Branches:
Dungeon (4/15)
 Temple: D:4-7

Altars:

Annotations:
D:4 Pikel


Message History

The gnoll hits you from afar with a +0 spear.
You shoot an arrow. The arrow barely misses the gnoll.
The gnoll misses you. The gnoll barely misses you.
You shoot an arrow. The arrow hits the gnoll!
The gnoll is heavily wounded.
The gnoll barely misses you. x2
You shoot an arrow. The arrow hits the gnoll.
The gnoll is severely wounded.
The gnoll hits you from afar with a +0 spear.
The gnoll hits you with a +0 flail.
You shoot an arrow. The arrow hits the gnoll!
You kill the gnoll!
The gnoll hits you from afar with a +0 spear!
1569 ||| READING 2 scrolls of teleportation.
As you read the scroll of teleportation, it crumbles to dust.
You feel strangely unstable. The gnoll hits you but does no damage.
You shoot an arrow. The arrow barely misses the gnoll.
The gnoll completely misses you.
You shoot an arrow. The arrow hits the gnoll.
You kill the gnoll!
You start resting.
Your surroundings suddenly seem different.
Pikel, 4 lemures and 3 jackals come into view.
Pikel is wielding a +1 whip of flaming.
Found 5 gold pieces and a scroll of enchant weapon.
Found a stone staircase leading down.
Pikel shouts!
The lemure shouts! x4; The jackal barks! x2
The lemure closely misses you.
A goblin comes into view. It is wielding a +0 dagger.
1573 ||| READING scroll of teleportation.
As you read the scroll of teleportation, it crumbles to dust.
You feel strangely unstable.
The goblin shouts!
A jackal comes into view.
The lemure hits you but does no damage.
The jackal moves out of view.
1574 ||| RETREEEEATING.
Pikel hits you with a +1 whip of flaming!
You die...
Pikel says, "Another soul for the market."

.# .# h# . $#
.. .# #...
########h#.....
#.....5h...#
#..5.K@....#
#.....5....#
#......5...#
#..........#
#..........#
#?.........#
#..........#
########.#.#


You could see Pikel, 4 lemures and 2 jackals.

Vanquished Creatures
  4 gnolls (D:4)
  2 adders
  4 dart slugs
  A ribbon worm (D:2)
  An orc (D:3)
  3 ball pythons
  9 bats
  3 endoplasms
  3 giant cockroaches
  4 goblins
  4 hobgoblins
  3 jackals (D:2)
  6 kobolds
  A quokka (D:2)
  4 frilled lizards
  3 rats (D:1)
55 creatures vanquished.

Notes
Turn   | Place    | Note
-------+----------+-------------------------------------------
     0 | D:1      | qw the Deep Elf Hunter began the quest for the Orb.
     0 | D:1      | Reached XP level 1. HP: 12/12 MP: 3/3
     0 | D:1      | 0 ||| qw: Version: 0.3-a-155-g5e7d8dd
     0 | D:1      | 0 ||| qw: Game counter: 2233
     0 | D:1      | 0 ||| qw: Melee chars always use a shield: true
     0 | D:1      | 0 ||| qw: God list: Okawaru
     0 | D:1      | 0 ||| qw: Allow faded altars: false
     0 | D:1      | 0 ||| qw: Do Orc after clearing Dungeon:15 true
     0 | D:1      | 0 ||| qw: Do second Lair branch before Depths: true
     0 | D:1      | 0 ||| qw: Lair rune preference: random
     0 | D:1      | 0 ||| qw: Goals: Normal
     0 | D:1      | 0 ||| PLANNING D:1-11
    75 | D:1      | Reached skill level 6 in Ranged Weapons
    75 | D:1      | Reached XP level 2. HP: 16/16 MP: 4/4
   550 | D:1      | Reached XP level 3. HP: 20/20 MP: 5/5
   616 | D:1      | 616 ||| UPGRADING to +0 ring mail.
   626 | D:1      | 626 ||| DROPPING +0 leather armour.
   627 | D:1      | 627 ||| READING scroll labelled BEUNAA SUMABE.
   627 | D:1      | 627 ||| ENCHANTING +0 shortbow.
   628 | D:1      | 628 ||| READING 2 scrolls labelled RAOFAD QEYGUE.
   629 | D:1      | 629 ||| READING 2 scrolls labelled CIGEUVV CIEMAST.
   629 | D:1      | 629 ||| IDENTIFYING cyan potion
   630 | D:1      | 630 ||| READING scroll of identify.
   630 | D:1      | 630 ||| IDENTIFYING 2 ruby potions
   631 | D:1      | 631 ||| READING scroll labelled ANOURUONY.
   632 | D:1      | 632 ||| DRINKING 2 fizzy pink potions.
   633 | D:1      | 633 ||| DROPPING scroll of butterflies.
   634 | D:1      | 634 ||| DROPPING 2 potions of berserk rage.
   635 | D:1      | 635 ||| DROPPING potion of brilliance.
   636 | D:1      | 636 ||| DROPPING scroll of noise.
   857 | D:2      | Reached skill level 7 in Ranged Weapons
   870 | D:2      | 870 ||| READING scroll of enchant weapon.
   870 | D:2      | 870 ||| ENCHANTING +1 shortbow.
  1024 | D:2      | 1024 ||| READING 2 scrolls of identify.
  1024 | D:2      | 1024 ||| IDENTIFYING murky puce potion
  1025 | D:2      | 1025 ||| READING scroll of identify.
  1025 | D:2      | 1025 ||| IDENTIFYING 2 red potions
  1026 | D:2      | 1026 ||| READING 2 scrolls labelled MIAXOQ BIET.
  1027 | D:2      | 1027 ||| READING 2 scrolls labelled YRIZAGRITT.
  1030 | D:2      | 1030 ||| DROPPING scroll of fog.
  1064 | D:3      | Found a faded altar of an unknown god.
  1284 | D:3      | Reached XP level 4. HP: 25/25 MP: 6/6
  1407 | D:3      | 1407 ||| READING scroll labelled NUOLOVVOHI.
  1563 | D:4      | Reached skill level 8 in Ranged Weapons
  1568 | D:4      | HP: 5/25 [gnoll/+0 spear (8)]
  1569 | D:4      | 1569 ||| READING 2 scrolls of teleportation.
  1572 | D:4      | Noticed Pikel
  1572 | D:4      | Noticed a lemure
  1572 | D:4      | Noticed a lemure
  1572 | D:4      | Noticed a lemure
  1572 | D:4      | Noticed a lemure
  1573 | D:4      | 1573 ||| READING scroll of teleportation.
  1574 | D:4      | 1574 ||| RETREEEEATING.
  1574 | D:4      | Slain by Pikel

Levels and vault maps discovered:
D:1:      lightli_arrival_chessboard, layout_loops_ring
D:2:      layout_rooms, st_stairs_6
D:3:      layout_rooms, ebering_ecumenical_altar_ruins, columned_hall_lemuel
D:4:      layout_basic, uniq_pikel

Skill      XL: |  1  2  3  4 |
---------------+-------------+-----
Ranged Weapons | 6 7 8 |  8.2
Fighting       | |  1.5
Dodging        | |  2.4
Stealth        | |  1.2

Action                     |  1- 3 |  4- 6 || total
---------------------------+-------+-------++-------
   Fire: Shortbow          |   129 |    32 ||   161
    Use: Scroll            |    10 |     3 ||    13
         Potion            |     1 |       ||     1
 Armour: Leather armour    |    12 |       ||    12
         Ring mail         |    24 |    16 ||    40
  Dodge: Dodged            |    19 |    13 ||    32

Table legend:
 A = Non-vault XP
 B = Vault XP
 C = Vault XP percentage of total XP
 D = Non-vault monster count
 E = Vault monster count
 F = Vault count percentage of total count
                 A         B        C        D         E       F
            +---------+---------+-------+---------+---------+-------
      Total |     174 |       5 |   2.8 |      52 |       3 |   5.5
            +---------+---------+-------+---------+---------+-------
        D:1 |      41 |       0 |   0.0 |      23 |       0 |   0.0
        D:2 |      19 |       5 |  20.8 |      10 |       3 |  23.1
        D:3 |      43 |       0 |   0.0 |      14 |       0 |   0.0
        D:4 |      71 |       0 |   0.0 |       5 |       0 |   0.0
            +---------+---------+-------+---------+---------+-------
